 Dungeon Sprint DCSS version 0.15-a0-1224-g3833f9c (webtiles) character file.

14200000 Infinimo the Conqueror (level 27, -32/249 HPs)
             Began as a Demonspawn Gladiator on June 1, 2014.
             Was the Champion of Makhleb.
             Annihilated by a fleshlord
             ... wielding a +9,+9 great mace
              (272 damage)
             ... in the Dungeon (Sprint VIII: "Arena of Blood").
             The game lasted 00:03:33 (142 turns).

Infinimo the Conqueror (Demonspawn Gladiator)        Turns: 142, Time: 00:03:33

HP -32/249       AC  6     Str 21      XL: 27
MP  49/49        EV 45     Int  7 (11) God: Makhleb [******]
Gold 0           SH  0     Dex 30      Spells:  0 memorised, 80 levels left

rFire  . . .     SeeInvis +     l - +∞ Axe of Woe
rCold  + . .     Clarity  .     b - +0 leather armour
rNeg   . . .     rCorr    .     (no shield)
rPois  .         rRot     .     (helmet unavailable)
rElec  .         Spirit   .     (no cloak)
SustAb .         Warding  .     (gloves unavailable)
rMut   .         NoTele   +     (boots unavailable)
Gourm  .                        (no amulet)
MR     ++...                    (no ring)
                                (no ring)

@: mighty, agile, lethally poisoned, marked, slowed, very slow, very resistant
to hostile enchantments, uncannily stealthy
A: antennae 3, claws 3, talons 3, cold resistance 1, nightstalker 3, passive
freeze, powered by pain 3, freezing cloud immunity
a: Minor Destruction, Lesser Servant of Makhleb, Major Destruction, Greater
Servant of Makhleb, Renounce Religion


You were in the Dungeon.
You worshipped Makhleb.
Makhleb was exalted by your worship.
You were not hungry.

You visited 1 branch

Inventory:

Hand weapons
 a - a +0,+0 war axe
 l - the +∞,+∞ Axe of Woe (weapon)
   (You found it in the Dungeon)
Missiles
 d - 3 throwing nets (quivered)
Armour
 b - a +0 leather armour (worn)
 c - a +0 helmet
Comestibles
 f - a bread ration
Scrolls
 k - a scroll of blinking
Potions
 e - a potion of curing
 g - a potion of heal wounds
 h - a potion of haste
 i - 2 potions of magic
 j - a potion of berserk rage


   Skills:
 O Level 27 Fighting
 O Level 27 Axes
 O Level 27 Throwing
 O Level 27 Armour
 O Level 27 Dodging
 O Level 27 Stealth
 O Level 27 Unarmed Combat
 O Level 27 Spellcasting
 O Level 27 Invocations


You had 80 spell levels left.
You didn't know any spells.

Dungeon Overview and Level Annotations

Branches:
Dungeon (1/1)

Altars:
Makhleb


Innate Abilities, Weirdness & Mutations

You have a pair of large antennae on your head (SInv).
You have claws for hands.
You have claws for feet.
Your flesh is cold resistant.
You are completely attuned to the shadows.
A frigid envelope surrounds you and freezes all who hurt you.
You are powered by pain.
You are immune to freezing clouds.


Message History

Unknown command.
Unknown command.
You fatally mangle the bag of meat.
You kill the bag of meat!
Makhleb accepts your kill.
You feel a little better.
You fatally mangle The Defiler.
You kill The Defiler!
Makhleb accepts your kill.
You hew the meat berserker savagely.
You kill the meat berserker!
Makhleb accepts your kill.
You feel extremely sick.
You hear a shout!
The tyrant is engulfed in roaring flames.
The destroyer blinks! x2
The fleshlord casts a spell.
The fleshlord seems to speed up.
The destroyer blinks!
The fleshlord hits you with a +9,+9 great mace!!!!!
Ouch! That really hurt!
You die...

..... ......C..
...X..{....
.#§§DooM{...{.
..VV§xO{{{.....
.W§V.S§{{.{..%..{
§..p)p#{{{{{..#
#ooLp@#{{{{{..# {
.GOp###.{{{{.%###..
o.{{{{{{###.§%....
{#{{{{{{{{{.§).....
{{{{{{#{{.§§#§....
{{{{{#{.<§§#%...
{{{#%.§.)# ...
......_.....
....%.###.§....


You could see an accursed, a tyrant, an eight-headed meat hydra, 3 destroyers,
an observer (invisible), a scourge, 4 fleshlords, a dread, 2 meat berserkers and
5 bags of meat.

Vanquished Creatures
  Edmund (D)
  Sigmund (D)
  4 great orbs of eyes (D)
  5 greater mummies (D)
  7 hell beasts (D)
  2 hell knights (D)
  5 hill giants (D)
  5 hydras (D)
  4 liches (D)
  40 ogres (D)
  69 orcs (D)
  6 phantoms (D)
  4 skeletal warriors (D)
  13 vampire knights (D)
  3 wraiths (D)
  2 sea snakes (D)
  10 large abominations (D)
  A reaper (D)
  2 small abominations (D)
  8 crawling corpses (D)
192 creatures vanquished.

Vanquished Creatures (others)
  A large abomination (D)
1 creature vanquished.

Grand Total: 193 creatures vanquished

Notes
Turn   | Place    | Note
--------------------------------------------------------------
     0 | D        | Infinimo, the Demonspawn Gladiator, began the quest for the Orb.
     0 | D        | Reached XP level 1. HP: 16/16 MP: 1/1
     2 | D        | Noticed a bag of meat
     3 | D        | Noticed a bag of meat
     3 | D        | Became a worshipper of Makhleb the Destroyer
     4 | D        | Noticed a bag of meat
     6 | D        | Noticed a bag of meat
     6 | D        | Killed a bag of meat
     6 | D        | Reached skill level 14 in Fighting
     6 | D        | Gained mutation: You have sharp fingernails. [demonic ancestry]
     6 | D        | Reached XP level 2. HP: 19/42 MP: 2/2
     6 | D        | Gained mutation: You have sharp toenails. [demonic ancestry]
     6 | D        | Reached XP level 3. HP: 21/48 MP: 3/3
     6 | D        | Gained mutation: You have very sharp fingernails. [demonic ancestry]
     6 | D        | Reached XP level 4. HP: 24/55 MP: 4/4
     6 | D        | Reached XP level 5. HP: 26/61 MP: 5/5
     6 | D        | Gained mutation: You have a pair of small antennae on your head. [demonic ancestry]
     6 | D        | Reached XP level 6. HP: 28/68 MP: 6/6
     6 | D        | Reached XP level 7. HP: 30/74 MP: 7/7
     6 | D        | Gained mutation: You have a pair of antennae on your head. [demonic ancestry]
     6 | D        | Reached XP level 8. HP: 32/81 MP: 8/8
     6 | D        | Gained mutation: You have claws for hands. [demonic ancestry]
     6 | D        | Reached XP level 9. HP: 34/87 MP: 9/9
     6 | D        | Gained mutation: You are slightly more attuned to the shadows. [demonic ancestry]
     6 | D        | Reached XP level 10. HP: 36/94 MP: 10/10
     6 | D        | Reached XP level 11. HP: 38/100 MP: 11/11
     8 | D        | Noticed a meat berserker
     9 | D        | Killed a bag of meat
     9 | D        | Acquired Makhleb's first power
     9 | D        | Reached skill level 16 in Fighting
     9 | D        | Reached skill level 15 in Axes
     9 | D        | Reached skill level 15 in Dodging
     9 | D        | Gained mutation: You have razor-sharp toenails. [demonic ancestry]
     9 | D        | Reached XP level 12. HP: 81/111 MP: 12/12
     9 | D        | Killed a bag of meat
     9 | D        | Reached skill level 17 in Fighting
     9 | D        | Reached XP level 13. HP: 116/120 MP: 13/13
    10 | D        | Noticed a bag of meat
    11 | D        | Killed a bag of meat
    11 | D        | Reached skill level 18 in Fighting
    12 | D        | Noticed a meat berserker
    12 | D        | Killed a meat berserker
    12 | D        | Acquired Makhleb's second power
    12 | D        | Reached skill level 19 in Fighting
    12 | D        | Reached XP level 14. HP: 109/133 MP: 14/14
    13 | D        | Killed a meat berserker
    13 | D        | Reached skill level 20 in Fighting
    15 | D        | Noticed a meat berserker
    15 | D        | Killed a bag of meat
    15 | D        | Gained mutation: You have claws for feet. [demonic ancestry]
    15 | D        | Reached XP level 15. HP: 141/143 MP: 15/15
    16 | D        | Noticed a meat berserker
    17 | D        | Killed a meat berserker
    17 | D        | Acquired Makhleb's third power
    17 | D        | Reached skill level 21 in Fighting
    18 | D        | Noticed a meat berserker
    18 | D        | Killed a meat berserker
    18 | D        | Reached skill level 22 in Fighting
    20 | D        | Noticed a bag of meat
    20 | D        | Noticed a bag of meat
    20 | D        | Noticed a meat berserker
    20 | D        | Noticed a bag of meat
    20 | D        | Noticed a bag of meat
    20 | D        | Noticed a bag of meat
    21 | D        | Killed a meat berserker
    22 | D        | Noticed a bag of meat
    22 | D        | Killed a bag of meat
    22 | D        | Acquired Makhleb's fourth power
    22 | D        | Reached skill level 23 in Fighting
    22 | D        | Gained mutation: You sometimes gain a little power by taking damage. [demonic ancestry]
    22 | D        | Reached XP level 16. HP: 108/157 MP: 16/16
    23 | D        | Noticed a bag of meat
    23 | D        | Noticed a bag of meat
    23 | D        | Noticed a large bag of meat
    23 | D        | Killed a bag of meat
    23 | D        | Killed a bag of meat
    23 | D        | Reached skill level 24 in Fighting
    24 | D        | Killed a large bag of meat
    25 | D        | Noticed a large bag of meat
    25 | D        | Noticed a destroyer
    25 | D        | Killed a bag of meat
    25 | D        | Acquired Makhleb's fifth power
    25 | D        | Reached skill level 25 in Fighting
    25 | D        | Gained mutation: You are significantly more attuned to the shadows. [demonic ancestry]
    25 | D        | Reached XP level 17. HP: 145/169 MP: 17/17
    25 | D        | Killed a meat berserker
    26 | D        | Killed a bag of meat
    26 | D        | Reached skill level 26 in Fighting
    26 | D        | Killed a bag of meat
    28 | D        | Killed a bag of meat
    28 | D        | Reached skill level 27 in Fighting
    29 | D        | Noticed a bag of meat
    30 | D        | Noticed a destroyer
    30 | D        | Killed a bag of meat
    30 | D        | Gained mutation: You have a pair of large antennae on your head (SInv). [demonic ancestry]
    30 | D        | Reached XP level 18. HP: 182/182 MP: 18/18
    30 | D        | Killed a large bag of meat
    33 | D        | Noticed a destroyer
    33 | D        | Killed a bag of meat
    33 | D        | Reached skill level 27 in Axes
    33 | D        | Reached skill level 27 in Throwing
    33 | D        | Reached skill level 27 in Dodging
    34 | D        | Noticed a bag of meat
    36 | D        | Noticed a meat berserker
    37 | D        | Killed a destroyer
    37 | D        | Reached skill level 5 in Armour
    37 | D        | Reached skill level 5 in Unarmed Combat
    38 | D        | Noticed a bag of meat
    39 | D        | Killed a meat berserker
    40 | D        | Noticed a bag of meat
    40 | D        | Noticed a destroyer
    41 | D        | Noticed a bag of meat
    41 | D        | Noticed a bag of meat
    41 | D        | Noticed a sculptor of flesh
    41 | D        | Killed a destroyer
    41 | D        | Reached skill level 10 in Stealth
    42 | D        | Killed a bag of meat
    42 | D        | Reached XP level 19. HP: 189/189 MP: 19/36
    43 | D        | Noticed a bag of meat
    43 | D        | Noticed a large bag of meat
    43 | D        | Noticed a bag of meat
    43 | D        | Noticed a destroyer
    44 | D        | Noticed a bag of meat
    44 | D        | Noticed a bag of meat
    44 | D        | Noticed a bag of meat
    44 | D        | Noticed a destroyer
    44 | D        | Killed a destroyer
    44 | D        | Killed a bag of meat
    45 | D        | Killed a sculptor of flesh
    45 | D        | Reached skill level 15 in Stealth
    46 | D        | Noticed a meat berserker
    46 | D        | Killed a bag of meat
    46 | D        | Killed a bag of meat
    46 | D        | Reached skill level 15 in Armour
    46 | D        | Reached skill level 15 in Unarmed Combat
    46 | D        | Reached skill level 15 in Spellcasting
    46 | D        | Killed a destroyer
    47 | D        | Killed a destroyer
    47 | D        | Gained mutation: You are completely attuned to the shadows. [demonic ancestry]
    47 | D        | Reached XP level 20. HP: 197/197 MP: 25/41
    48 | D        | Killed a bag of meat
    49 | D        | Noticed a bag of meat
    50 | D        | Noticed a bag of meat
    50 | D        | Noticed a meat berserker
    50 | D        | Killed a meat berserker
    50 | D        | Killed a large bag of meat
    50 | D        | Killed a bag of meat
    50 | D        | Killed a bag of meat
    51 | D        | Noticed a bag of meat
    51 | D        | Noticed a bag of meat
    51 | D        | Noticed a destroyer
    52 | D        | Noticed a bag of meat
    52 | D        | Noticed a large bag of meat
    54 | D        | Noticed an accursed
    54 | D        | Killed a meat berserker
    54 | D        | Killed a bag of meat
    54 | D        | Reached skill level 27 in Invocations
    54 | D        | Gained mutation: Your flesh is cold resistant. [demonic ancestry]
    54 | D        | Reached XP level 21. HP: 204/204 MP: 42/44
    55 | D        | Killed a bag of meat
    56 | D        | Killed a bag of meat
    57 | D        | Noticed a bag of meat
    57 | D        | Killed a bag of meat
    57 | D        | Killed a destroyer
    58 | D        | Noticed a bag of meat
    58 | D        | Killed a bag of meat
    59 | D        | Killed a large bag of meat
    59 | D        | Killed an accursed
    60 | D        | Killed a bag of meat
    60 | D        | Killed a bag of meat
    62 | D        | Noticed a destroyer
    62 | D        | Noticed a meat berserker
    62 | D        | Killed a bag of meat
    62 | D        | Reached XP level 22. HP: 210/212 MP: 45/46
    63 | D        | Killed a bag of meat
    63 | D        | Reached skill level 27 in Stealth
    64 | D        | Noticed a meat berserker
    64 | D        | Killed a meat berserker
    65 | D        | Killed a bag of meat
    66 | D        | Noticed a bag of meat
    66 | D        | Killed a destroyer
    66 | D        | Killed a meat berserker
    66 | D        | Reached skill level 27 in Armour
    66 | D        | Reached skill level 27 in Unarmed Combat
    66 | D        | Reached skill level 27 in Spellcasting
    67 | D        | Killed a destroyer
    70 | D        | Killed a bag of meat
    72 | D        | Noticed a meat beast
    75 | D        | Noticed a meat berserker
    76 | D        | Noticed a meat berserker
    76 | D        | Killed a meat berserker
    77 | D        | Noticed a destroyer
    77 | D        | Noticed a destroyer
    78 | D        | Noticed a meat beast
    78 | D        | Noticed a meat berserker
    78 | D        | Killed a meat berserker
    78 | D        | Gained mutation: You are immune to freezing clouds. [demonic ancestry]
    78 | D        | Reached XP level 23. HP: 152/219 MP: 48/48
    79 | D        | Noticed a meat berserker
    79 | D        | Killed a meat beast
    80 | D        | Noticed a destroyer
    80 | D        | Killed a meat berserker
    81 | D        | Noticed an eight-headed meat hydra
    81 | D        | Killed a meat beast
    81 | D        | Killed a destroyer
    81 | D        | Killed a meat berserker
    82 | D        | Noticed a meat berserker
    83 | D        | Noticed a bag of meat
    84 | D        | Noticed a bag of meat
    84 | D        | Killed a nine-headed meat hydra
    85 | D        | Killed a destroyer
    85 | D        | Killed a destroyer
    85 | D        | Killed a meat berserker
    86 | D        | Noticed a meat beast
    88 | D        | Killed a bag of meat
    88 | D        | Gained mutation: You sometimes gain power by taking damage. [demonic ancestry]
    88 | D        | Reached XP level 24. HP: 227/227 MP: 48/48
    88 | D        | Killed a bag of meat
    91 | D        | Noticed a meat berserker
    91 | D        | Noticed an observer
    93 | D        | Noticed The Captor
    93 | D        | Killed a meat berserker
    94 | D        | Noticed an eight-headed meat hydra
    95 | D        | Noticed a bag of meat
    95 | D        | Killed an observer
    96 | D        | Noticed an accursed
    96 | D        | Killed a bag of meat
    97 | D        | Noticed a lost soul
    97 | D        | Noticed a bag of meat
    98 | D        | Noticed a bag of meat
    98 | D        | Noticed a meat berserker
    98 | D        | Noticed a meat berserker
    98 | D        | Noticed a meat beast
    98 | D        | Noticed a bag of meat
    99 | D        | Noticed a destroyer
    99 | D        | Noticed a tyrant
   100 | D        | Noticed a meat beast
   100 | D        | Noticed a bag of meat
   100 | D        | Noticed a meat berserker
   100 | D        | Noticed an eight-headed meat hydra
   100 | D        | Noticed an observer
   100 | D        | Killed a meat beast
   100 | D        | Killed a lost soul
   100 | D        | Killed a nine-headed meat hydra
   101 | D        | Noticed a meat berserker
   101 | D        | Noticed a meat berserker
   101 | D        | Noticed a meat berserker
   101 | D        | Noticed a tyrant
   101 | D        | Noticed a meat beast
   101 | D        | Noticed a lost soul
   101 | D        | Killed a meat beast
   101 | D        | Killed a bag of meat
   101 | D        | Killed a bag of meat
   102 | D        | Noticed a bag of meat
   102 | D        | Noticed a meat berserker
   102 | D        | Noticed a meat berserker
   102 | D        | Noticed a bag of meat
   102 | D        | Noticed a dread
   102 | D        | Noticed a meat beast
   102 | D        | Noticed an eight-headed meat hydra
   102 | D        | Killed a destroyer
   102 | D        | Gained mutation: You are powered by pain. [demonic ancestry]
   102 | D        | Reached XP level 25. HP: 234/234 MP: 49/49
   102 | D        | Killed The Captor
   103 | D        | Noticed a meat berserker
   103 | D        | Noticed a bag of meat
   103 | D        | Noticed an observer
   103 | D        | Killed a bag of meat
   103 | D        | Killed a meat berserker
   103 | D        | Killed a meat beast
   104 | D        | Noticed a meat berserker
   104 | D        | Noticed a bag of meat
   104 | D        | Noticed a meat berserker
   104 | D        | Noticed a lost soul
   104 | D        | Killed a meat berserker
   104 | D        | Killed a tyrant
   105 | D        | Noticed a bag of meat
   105 | D        | Noticed a bag of meat
   105 | D        | Noticed a bag of meat
   105 | D        | Noticed a sculptor of flesh
   105 | D        | Killed an observer
   105 | D        | Killed a bag of meat
   105 | D        | Killed a meat beast
   106 | D        | Noticed a bag of meat
   106 | D        | Noticed a bag of meat
   106 | D        | Killed a nine-headed meat hydra
   106 | D        | Killed a meat berserker
   106 | D        | Gained mutation: A frigid envelope surrounds you and freezes all who hurt you. [demonic ancestry]
   106 | D        | Reached XP level 26. HP: 196/242 MP: 49/49
   106 | D        | Killed a meat berserker
   107 | D        | Noticed a meat berserker
   107 | D        | Noticed a sculptor of flesh
   107 | D        | Killed a meat berserker
   107 | D        | Killed a meat berserker
   107 | D        | Killed a meat berserker
   108 | D        | Noticed a meat berserker
   108 | D        | Noticed a bag of meat
   108 | D        | Noticed a bag of meat
   108 | D        | Noticed a meat berserker
   108 | D        | Noticed an accursed
   108 | D        | Killed a meat beast
   108 | D        | Killed an observer
   108 | D        | Killed a sculptor of flesh
   109 | D        | Noticed a bag of meat
   109 | D        | Noticed a bag of meat
   109 | D        | Noticed a bag of meat
   109 | D        | Noticed a lost soul
   109 | D        | Killed a meat berserker
   110 | D        | Noticed a bag of meat
   110 | D        | Noticed a bag of meat
   110 | D        | Killed a bag of meat
   110 | D        | Killed a nine-headed meat hydra
   110 | D        | Killed a bag of meat
   110 | D        | Reached XP level 27. HP: 249/249 MP: 49/49
   111 | D        | Noticed an eight-headed meat hydra
   111 | D        | Killed a bag of meat
   111 | D        | Killed a meat berserker
   112 | D        | Noticed a bag of meat
   112 | D        | Noticed a bag of meat
   112 | D        | Noticed a scourge
   112 | D        | Killed a bag of meat
   113 | D        | Noticed a bag of meat
   113 | D        | Killed a bag of meat
   113 | D        | Killed an accursed
   113 | D        | Killed a bag of meat
   114 | D        | Noticed a bag of meat
   114 | D        | Noticed a meat berserker
   114 | D        | Noticed a lost soul
   114 | D        | Noticed an accursed
   114 | D        | Killed a bag of meat
   114 | D        | Killed a meat berserker
   114 | D        | Killed a meat berserker
   115 | D        | Noticed a meat berserker
   115 | D        | Killed a tyrant
   116 | D        | Noticed a bag of meat
   116 | D        | Killed a meat berserker
   116 | D        | Killed a bag of meat
   117 | D        | Noticed a tyrant
   117 | D        | Noticed a bag of meat
   117 | D        | Killed a bag of meat
   117 | D        | Killed a bag of meat
   117 | D        | Killed a bag of meat
   118 | D        | Noticed a bag of meat
   118 | D        | Killed a meat berserker
   119 | D        | Noticed a bag of meat
   119 | D        | Killed a dread
   119 | D        | Killed a meat berserker
   120 | D        | Noticed a meat berserker
   120 | D        | Noticed a meat berserker
   120 | D        | Noticed a meat berserker
   120 | D        | Noticed a meat berserker
   120 | D        | Killed a meat berserker
   120 | D        | Killed a bag of meat
   120 | D        | Killed a bag of meat
   121 | D        | Noticed a dread
   121 | D        | Noticed a large bag of meat
   121 | D        | Killed a bag of meat
   121 | D        | Killed a bag of meat
   121 | D        | Killed a meat berserker
   122 | D        | Killed a bag of meat
   123 | D        | Killed a meat berserker
   123 | D        | Killed a lost soul
   123 | D        | Killed a bag of meat
   124 | D        | Noticed a bag of meat
   124 | D        | Noticed a sculptor of flesh
   124 | D        | Noticed a dread
   124 | D        | Killed a bag of meat
   125 | D        | Noticed a destroyer
   125 | D        | Killed a scourge
   125 | D        | Killed a bag of meat
   125 | D        | Killed a bag of meat
   126 | D        | Noticed a bag of meat
   126 | D        | Noticed a meat berserker
   126 | D        | Killed a bag of meat
   126 | D        | Killed a sculptor of flesh
   126 | D        | Killed a destroyer
   127 | D        | Noticed a dread
   127 | D        | Noticed a bag of meat
   127 | D        | Noticed an observer
   127 | D        | Killed an eight-headed meat hydra
   127 | D        | Killed a bag of meat
   127 | D        | Killed a bag of meat
   128 | D        | Noticed a meat berserker
   128 | D        | Noticed The Defiler
   128 | D        | Killed a bag of meat
   128 | D        | Killed a lost soul
   128 | D        | Killed an accursed
   129 | D        | Killed a meat berserker
   129 | D        | Killed a large bag of meat
   130 | D        | Noticed a meat berserker
   130 | D        | Killed an observer
   131 | D        | Noticed a fleshlord
   131 | D        | Noticed a tyrant
   131 | D        | Killed a meat berserker
   132 | D        | Noticed a fleshlord
   132 | D        | Noticed a bag of meat
   132 | D        | Killed a sculptor of flesh
   132 | D        | Killed a lost soul
   133 | D        | Killed a lost soul
   133 | D        | Killed a dread
   134 | D        | Noticed a meat berserker
   135 | D        | Noticed a bag of meat
   135 | D        | Noticed a scourge
   135 | D        | Killed a meat berserker
   135 | D        | Killed a dread
   135 | D        | Killed a tyrant
   136 | D        | Noticed a bag of meat
   136 | D        | Noticed a fleshlord
   136 | D        | Killed a scourge
   137 | D        | Noticed a destroyer
   137 | D        | Noticed a lost soul
   137 | D        | Noticed an accursed
   137 | D        | Killed a bag of meat
   137 | D        | Killed a bag of meat
   138 | D        | Noticed a destroyer
   138 | D        | Killed a meat berserker
   138 | D        | Killed a bag of meat
   139 | D        | Noticed a fleshlord
   139 | D        | Noticed a fleshlord
   139 | D        | Noticed an accursed
   139 | D        | Noticed a bag of meat
   139 | D        | Killed a bag of meat
   139 | D        | Killed a meat berserker
   139 | D        | Killed a fleshlord
   140 | D        | Noticed a fleshlord
   140 | D        | Noticed a tyrant
   140 | D        | Killed a tyrant
   140 | D        | Killed a fleshlord
   140 | D        | Killed a bag of meat
   141 | D        | Noticed a meat berserker
   141 | D        | Noticed a bag of meat
   141 | D        | Noticed an observer
   141 | D        | Killed a lost soul
   141 | D        | Killed an accursed
   141 | D        | Killed an accursed
   142 | D        | Noticed a bag of meat
   142 | D        | Noticed a dread
   142 | D        | Noticed a destroyer
   142 | D        | Killed a bag of meat
   142 | D        | Killed The Defiler
   142 | D        | Killed a meat berserker
   142 | D        | Annihilated by a fleshlord

Action                   |  1- 3 |  4- 6 |  7- 9 | 10-12 | 13-15 | 16-18 | 19-21 | 22-24 | 25-27 || total
-------------------------+-------+-------+-------+-------+-------+-------+-------+-------+-------++-------
Melee: Executioner's axe |     1 |       |       |     1 |     8 |    11 |    14 |    19 |    38 ||    92
 Stab: Held in net/web   |       |       |       |       |       |       |       |     1 |     7 ||     8
